 Dungeon Crawl Stone Soup version 0.28.0 (webtiles) character file.

Game seed: 92943147256897363

60 eskoe the Skirmisher (level 3, -4/30 HPs)
             Began as a Demonspawn Abyssal Knight on Feb 11, 2022.
             Was a Believer of Lugonu.
             Slain by Sigmund (5 damage)
             ... on level 3 of the Dungeon.
             The game lasted 00:05:37 (1811 turns).

eskoe the Skirmisher (Demonspawn Abyssal Knight)    Turns: 1811, Time: 00:05:38

Health: -4/30      AC:  3    Str: 15    XL:     3   Next: 82%
Magic:  4/4        EV: 11    Int: 11    God:    Lugonu [**....]
Gold:   110        SH:  0    Dex: 13    Spells: 2/2 levels left

rFire   . . .      SeeInvis .   e - +1 short sword (venom)
rCold   . . .      Faith    .   (no shield)
rNeg    . . .      Spirit   .   b - +0 leather armour
rPois   .          Reflect  .   (helmet restricted)
rElec   .          Harm     .   (no cloak)
rCorr   .          Rampage  .   (no gloves)
Will    .....                   (no boots)
Stlth   +.........              (no amulet)
HPRegen 0.10/turn               (no ring)
MPRegen 0.09/turn               (no ring)

@: no status effects
A: horns 1, ignite blood 1
a: Renounce Religion, Depart the Abyss, Bend Space


You were on level 3 of the Dungeon.
You worshipped Lugonu.
Lugonu was pleased with you.
You visited 1 branch of the dungeon, and saw 3 of its levels.
You visited the Abyss 1 time.

You collected 110 gold pieces.

Inventory:

Hand Weapons
 a - a +1 hand axe
 e - a +1 short sword of venom (weapon)
Armour
 b - a +0 leather armour (worn)
 i - an orb of wrath
Scrolls
 c - a scroll of vulnerability {unknown}
 d - a scroll of identify {unknown}
 g - a scroll of enchant armour {unknown}
 h - a scroll of immolation {unknown}
Potions
 f - 2 potions of heal wounds {unknown}


   Skills:
 + Level 3.7 Fighting
 + Level 0.8 Short Blades
 + Level 2.3 Axes
 + Level 2.4 Armour
 + Level 1.0 Dodging
 + Level 2.4 Invocations


You had 2 spell levels left.
You didn't know any spells.
Your spell library contained the following spells:

 Spells                   Type           Power      Damage    Failure   Level
 Summon Small Mammal      Summ           0%         N/A       41%         1
 Call Canine Familiar     Summ           0%         N/A       78%         3
 Summon Guardian Golem    Hex/Summ       0%         N/A       78%         3


Dungeon Overview and Level Annotations

Branches:
Dungeon (3/15)

Altars:

Annotations:
D:3 Sigmund


Innate Abilities, Weirdness & Mutations

You have a pair of small horns on your head.
Your demonic aura sometimes causes spilled blood to erupt in flames.


Message History

You are poisoned.
The adder poisons you!
You hit the adder.
The adder looks as sick as possible!
The adder is severely wounded.
You feel sick. The adder bites you but does no damage.
You hit the adder but do no damage.
The adder looks as sick as possible!
The adder is almost dead.
You feel sick.
You kill the adder!
Lugonu accepts your kill.
You feel sick.
You feel sick.
You feel sick.
You are no longer poisoned.
HP restored.
You see here an adder corpse.
Found a dagger.
Found a stone staircase leading down.
Sigmund the Dreaded comes into view.
He is wielding a +0 vampiric scythe and wearing a +2 robe of resistance.
Sigmund mumbles some strange words.
Sigmund flickers and vanishes!
Deactivating autopickup; reactivate with Ctrl-A.
Press: ? - help, v - describe, . - travel The floor.
A magic dart appears from out of thin air!
The magic dart hits you.
Press: ? - help, v - describe, . - travel The floor.
A hobgoblin comes into view.
The hobgoblin shouts!
Something hits you!
An adder comes into view.
Something hits you!
* * * LOW HITPOINT WARNING * * *
Something hits you.
* * * LOW HITPOINT WARNING * * *
There is a stone staircase leading down here.
The adder hisses angrily.
Something hits you.
You die...

#. ####..#####.###.### ###
#. #......†.##.###....
....#.##.##..##.....(.####
........##........##.#
#.......###....##.#
#....#### #.##.##.
.###.##.# #.##.##.
.....##.### #.......
...S.g..@.# ####.###
##S###.....# #.# # #.....#
#.....# #.....# ##.#### ..
###


You could see an adder, a hobgoblin and a ball python (wandering).

Vanquished Creatures
  3 adders
  A ball python (D:3)
  4 endoplasms
  A giant cockroach (D:2)
  2 goblins (D:2)
  6 hobgoblins
  2 jackals (D:2)
  5 bats
  5 kobolds
  4 rats
33 creatures vanquished.

Notes
Turn   | Place    | Note
-------+----------+-------------------------------------------
     0 | Abyss:1  | eskoe the Demonspawn Abyssal Knight began the quest for the
                  | Orb.
     0 | Abyss:1  | Reached XP level 1. HP: 18/18 MP: 2/2
    43 | D:1      | Escaped the Abyss
   475 | D:1      | Gained mutation: Your demonic aura sometimes causes spilled
                  | blood to erupt in flames. [demonic ancestry]
   475 | D:1      | Reached XP level 2. HP: 22/24 MP: 3/3
  1007 | D:2      | Gained mutation: You have a pair of small horns on your
                  | head. [demonic ancestry]
  1007 | D:2      | Reached XP level 3. HP: 27/29 MP: 4/4
  1331 | D:2      | Reached ** piety under Lugonu
  1419 | D:2      | Reached skill level 1 in Dodging
  1803 | D:3      | Noticed Sigmund
  1810 | D:3      | HP: 1/30 [something (3)]
  1811 | D:3      | Slain by Sigmund

Illustrated notes

Levels and vault maps discovered:
D:1:      lemuel_arrival_hallway, layout_basic
D:2:      layout_loops_ring
D:3:      layout_loops_cross, chequers_temple_overflow_statue_of_worship,
          uniq_natasha, uniq_sigmund, uniq_crazy_yiuf_cottage

Skill      XL: |  1  2  3 |
---------------+----------+-----
Axes           | 2 |  2.3
Armour         | 2 |  2.4
Dodging        | 1 |  1.0
Fighting       | |  3.7
Short Blades   | |  0.8
Invocations    | |  2.4

Action                   || total
-------------------------++-------
Melee: Hand axe          ||    42
       Short sword       ||    31
       Headbutt          ||     6
Armor: Leather armour    ||    24
Dodge: Dodged            ||    54
